Map: Blackpink LE

Players

Rogue - Winner!

  • Race: Zerg Zerg
  • Spawn Location: 7:00

Maru

  • Race: Terran Terran
  • Spawn Location: 1:00

Event: IEM Season 12 - Katowice

VOD

Have the link to the VOD?

Description

Time

  • Played on: March 4, 2018, 6:23 a.m.
  • Length: 9:39

All games in this series

Show
View Real Time Build Order
Export as new Build Order

Rogue Zerg - Winner!

Build Orders: Pool First 

Get SALT Encoding   

  12  0:00  Drone  
  13  0:12  Overlord  
  13  0:16  Drone  
  14  0:30  Drone x2  
  14  0:34  Drone  
  17  0:44  Extractor  
  17  0:45  Drone  
  17  0:49  Spawning Pool  
  16  0:56  Drone  
  17  1:08  Drone  
  18  1:17  Hatchery  
  17  1:21  Drone  
  18  1:35  Queen  
  18  1:36  Zergling x2  
  18  1:39  Zergling x2  
  22  1:46  Metabolic Boost  
  22  1:51  Overlord  
  22  2:11  Drone x2  
  22  2:14  Queen  
  26  2:25  Drone  
  27  2:32  Drone, Queen  
  27  2:34  Drone  
  31  2:41  Drone  
  31  2:43  Overlord  
  32  2:46  Drone x2  
  32  2:47  Drone  
  35  2:52  Drone  
  35  2:58  Pneumatized Carapace  
  36  3:03  Drone x2  
  38  3:08  Drone  
  39  3:14  Drone  
  40  3:20  Hatchery  
  40  3:24  Overlord  
  39  3:31  Drone x4  
  43  3:36  Drone  
  44  3:42  Overlord  
  44  3:43  Queen  
  44  3:45  Zergling x2  
  44  3:46  Zergling x2  
  48  3:48  Drone x2  
  48  3:55  Drone  
  51  3:58  Drone  
  51  4:00  Queen  
  51  4:02  Zergling x4  
  56  4:08  Drone  
  56  4:09  Roach Warren  
  56  4:16  Extractor  
  56  4:17  Drone x4  
  57  4:20  Spore Crawler  
  57  4:22  Drone, Overlord  
  59  4:26  Lair  
  59  4:35  Drone x3  
  62  4:38  Drone  
  62  4:41  Evolution Chamber  
  62  4:44  Overlord  
  62  4:49  Drone x3  
  65  4:54  Roach x3  
  65  4:59  Roach x2  
  72  5:03  Roach x2  
  72  5:04  Queen  
  77  5:10  Drone  
  77  5:11  Drone  
  77  5:18  Drone  
  77  5:21  Drone x2  
  80  5:22  Evolution Chamber  
  80  5:25  Glial Reconstitution  
  80  5:27  Extractor  
  80  5:28  Drone x2  
  78  5:33  Drone  
  78  5:35  Spore Crawler  
  78  5:36  Extractor  
  78  5:37  Hatchery  
  76  5:47  Drone x3  
  76  5:48  Drone x3  
  76  5:49  Overseer, Overlord  
  82  5:56  Extractor  
  82  5:57  Extractor  
  80  5:58  Overlord  
  80  6:06  Drone x4  
  80  6:08  Hatchery  
  80  6:10  Drone x6  
  80  6:11  Drone  
  88  6:19  Zerg Missile Weapons Level 1, Zerg Ground Armor Level 1  
  88  6:26  Drone x3  
  88  6:30  Overlord  
  88  6:31  Overlord  
  91  6:40  Overlord x2  
  91  6:50  Roach x10  
  111  7:00  Roach x4  
  111  7:01  Roach  
  119  7:10  Roach x2  
  119  7:12  Queen  
  122  7:17  Overlord  
  122  7:20  Roach x5  
  132  7:25  Roach  
  132  7:26  Roach x3  
  140  7:30  Overlord  
  140  7:42  Roach x5  
  140  7:43  Overlord x3  
  150  7:53  Overlord  
  150  8:02  Overlord  
  143  8:08  Zergling x32  
  159  8:18  Ravager x11  
  159  8:19  Ravager x3  
  173  8:22  Zergling x6  
  173  8:24  Zergling x2  
  177  8:27  Zergling x6  
  177  8:29  Ravager x2  
  177  8:30  Zergling x2  
  177  8:31  Zergling x2  
  184  8:34  Zergling x2  
  184  8:35  Zergling x4  
  184  8:38  Zergling x4  
  184  8:40  Zergling x2  
  189  8:44  Overlord  
  172  8:48  Zergling x2  
  172  8:54  Zergling x2  
  172  8:55  Zergling x8  
  157  9:02  Zergling x2  
  147  9:03  Zergling x16  
  147  9:04  Zergling x2  
  147  9:07  Ravager  
  144  9:11  Zergling x2  
  144  9:17  Ravager x7  
  141  9:18  Roach x3  
  141  9:23  Overseer  
Show
View Real Time Build Order
Export as new Build Order

Maru Terran 

Build Orders: Hellion Opening, Reaper Expand, MMM Bio 

Get SALT Encoding   

  12  0:00  SCV  
  13  0:12  SCV  
  14  0:17  Supply Depot  
  14  0:24  SCV  
  15  0:39  SCV  
  15  0:40  Barracks  
  16  0:43  Refinery  
  16  0:51  SCV  
  17  1:03  SCV  
  18  1:15  SCV  
  19  1:27  Reaper, Orbital Command  
  20  1:40  Command Center  
  20  1:49  Supply Depot  
  20  1:53  SCV  
  21  1:59  Marine  
  22  2:05  Factory  
  22  2:09  SCV  
  23  2:17  Refinery  
  23  2:21  Barracks Reactor, SCV  
  24  2:33  SCV  
  25  2:48  SCV  
  26  2:54  Starport  
  25  3:00  SCV  
  25  3:03  Hellion x2  
  25  3:04  Barracks Tech Lab  
  30  3:12  SCV x2  
  32  3:24  SCV  
  32  3:25  Hellion x2, Orbital Command  
  37  3:31  Supply Depot  
  37  3:32  Barracks Tech Lab  
  37  3:36  SCV  
  37  3:37  Raven  
  41  3:48  SCV  
  41  3:50  Hellion x2  
  41  3:51  SCV  
  46  3:57  Stimpack, Marine  
  46  4:02  SCV  
  48  4:06  SCV  
  48  4:09  Supply Depot  
  49  4:13  Hellion x2, Liberator  
  49  4:15  SCV  
  54  4:31  Supply Depot, SCV  
  58  4:37  Command Center  
  58  4:38  SCV  
  59  4:43  SCV  
  60  4:50  SCV  
  59  4:53  Marine  
  59  4:55  SCV  
  61  5:02  SCV, Barracks  
  60  5:07  SCV, Engineering Bay, Barracks  
  60  5:08  Engineering Bay  
  60  5:09  Factory Reactor  
  57  5:14  SCV  
  57  5:19  Supply Depot, SCV  
  57  5:20  Marine  
  60  5:26  SCV  
  60  5:32  SCV  
  60  5:35  Starport Reactor, Bunker  
  61  5:38  Terran Infantry Armor Level 1, Marine, Terran Infantry Weapons Level 1  
  61  5:39  Bunker  
  62  5:46  SCV x2  
  62  5:49  Orbital Command  
  64  5:52  Siege Tank  
  67  5:57  Marine x4  
  67  5:58  Marine  
  72  6:06  Refinery  
  72  6:07  Refinery  
  72  6:14  Orbital Command  
  72  6:15  Marine x3, Combat Shields  
  72  6:18  Medivac, Barracks  
  75  6:20  Barracks  
  75  6:21  SCV x2  
  79  6:27  Marine x2  
  81  6:32  Marine  
  81  6:33  SCV x2  
  81  6:37  Medivac  
  81  6:39  SCV  
  87  6:40  Marine x2  
  87  6:44  Supply Depot  
  87  6:45  SCV  
  87  6:46  Supply Depot  
  90  6:48  Marine  
  90  6:49  Marine  
  90  6:50  Marine  
  93  6:55  Armory  
  93  6:57  Supply Depot  
  93  7:03  Marine  
  93  7:04  SCV  
  93  7:06  Siege Tank  
  95  7:09  Barracks Reactor x2  
  95  7:13  SCV x2  
  95  7:15  Supply Depot  
  97  7:16  SCV  
  97  7:19  Marine x3  
  101  7:24  Command Center, Refinery  
  101  7:25  SCV x2  
  101  7:26  Refinery  
  101  7:28  Medivac  
  105  7:32  Medivac  
  105  7:33  SCV  
  105  7:36  Marine x2  
  110  7:37  SCV, Marine  
  110  7:38  Supply Depot  
  112  7:46  Marine x3  
  112  7:51  Marine x3  
  119  7:53  SCV x2  
  119  7:54  SCV  
  124  7:59  Factory  
  124  8:00  Supply Depot  
  120  8:06  SCV  
  120  8:07  Siege Tank  
  120  8:10  Marine x8  
  120  8:11  Medivac x2  
  129  8:13  SCV  
  129  8:18  SCV  
  129  8:19  Supply Depot  
  131  8:26  Supply Depot  
  131  8:30  SCV x2  
  131  8:31  SCV  
  131  8:32  Marine  
  135  8:37  Marine x2  
  135  8:38  Marine  
  135  8:39  Siege Tank  
  141  8:44  Factory Tech Lab  
  137  8:54  Marine x2  
  137  8:55  Marine x3  
  113  8:57  Marine  
  113  9:02  Marine x2  
  107  9:05  SCV x2  
  107  9:07  SCV  
  104  9:11  Marine  
  104  9:12  Marine  
  104  9:16  Marine  
  104  9:17  Marine  

Tags
 
Add a new tag
Caveats
  • Supply blocks, unpowered buildings, or Contaminate may cause inaccurate times.
  • Supply counts are checked every 10 seconds.